 Dungeon Crawl Stone Soup version 0.28-a0-1412-gf95308ed99 (webtiles) character file.

Game seed: 4108103200270024469

73 siradein the Skirmisher (level 4, -3/37 HPs)
             Began as a Djinni Cinder Acolyte on Jan 6, 2022.
             Was a High Priest of Ignis.
             Slain by Sigmund (9 damage)
             ... on level 3 of the Dungeon.
             The game lasted 00:03:26 (2852 turns).

siradein the Skirmisher (Djinni Cinder Acolyte)     Turns: 2852, Time: 00:03:27

Health: -3/37      AC: 10    Str: 15    XL:     4   Next: 51%
Gold:   43         EV: 11    Int: 16    God:    Ignis [*****.] SH:  0 Dex:  8

rFire   + + +      SeeInvis +   k - +1 short sword (protect)
rCold   x . .      Faith    .   (no shield)
rNeg    . . .      Spirit   .   b - +0 robe
rPois   ∞          Reflect  .   g - +0 helmet
rElec   .          Harm     .   (no cloak)
rCorr   .          Rampage  .   (no gloves)
Will    .....                   (boots unavailable)
Stlth   +.........              (no amulet)
HPRegen 0.12/turn               i - ring of see invisible
MPRegen 0.00/turn               (no ring)

@: under a protective aura, flying
A: sickness immunity, fire resistance 2, cold vulnerability 1, float, innate
caster, hp casting, extra vitality 1
a: Renounce Religion, Fiery Armour, Foxfire Swarm, Rising Flame


You were on level 3 of the Dungeon.
You worshipped Ignis.
Ignis was extremely pleased with you.
You visited 1 branch of the dungeon, and saw 3 of its levels.

You collected 43 gold pieces.

Inventory:

Hand Weapons
 a - a -1 falchion of flaming
 k - a +1 short sword of protection (weapon)
Armour
 b - a +0 robe (worn)
 g - a +0 helmet (worn)
Jewellery
 i - a ring of see invisible (left hand)
Scrolls
 c - 3 scrolls of magic mapping {unknown}
 h - a scroll of fear {unknown}
 j - a scroll of enchant armour {unknown}
Potions
 d - a potion of might {unknown}
 e - a potion of heal wounds {unknown}
 f - a potion of haste {unknown}


   Skills:
 + Level 3.7 Fighting
 + Level 3.4 Long Blades
 + Level 3.0 Spellcasting


You had 6 spell levels left.
You knew the following spells:

 Your Spells              Type           Power      Damage    Failure   Level
a - Scorch                Fire           24%        2d6       9%          2
b - Sting                 Tmut/Pois      48%        1d5       5%          1
Your spell library was empty.

Dungeon Overview and Level Annotations

Branches:
Dungeon (3/15)

Altars:

Annotations:
D:2 1 runed translucent door, Crazy Yiuf
D:3 Sigmund


Innate Abilities, Weirdness & Mutations

You are immune to sickness and miasma.
You are immune to poison.
Your flesh is very heat resistant. (rF++)
You are vulnerable to cold. (rC-)
You float through the air rather than walking.
You learn spells naturally, not from books.
Your magical power is your life essence.
You have superior vitality. (+4 MHP)


Message History

Flames lash Sigmund.
Sigmund is lightly wounded.
The kobold shouts!
The kobold throws a poisoned dart.
The poisoned dart misses you.
A hobgoblin comes into view.
Sigmund hits you with a +4 scythe of holy wrath.
You hit Sigmund.
Your weapon exudes an aura of protection.
You punch Sigmund.
Sigmund is moderately wounded.
Sigmund gestures wildly while chanting.
Sigmund flickers and vanishes for a moment.
You hit Sigmund.
Sigmund is heavily wounded.
Sigmund hits you with a +4 scythe of holy wrath!
You are too injured to fight recklessly!
You are too injured to fight recklessly!
You are too injured to fight recklessly!
You barely miss Sigmund.
Sigmund is heavily wounded.
You hit Sigmund but do no damage.
Sigmund is heavily wounded.
Sigmund is no longer more vulnerable to fire.
Sigmund barely misses you.
You barely miss Sigmund.
Sigmund is heavily wounded.
The kobold hits you with a +0 dagger. Sigmund barely misses you.
You hit Sigmund.
Sigmund is heavily wounded.
The kobold closely misses you.
You hit Sigmund.
Sigmund is heavily wounded.
Sigmund hits you with a +4 scythe of holy wrath!
* * * LOW HITPOINT WARNING * * *
The kobold barely misses you.
You hit Sigmund but do no damage.
Sigmund is heavily wounded.
The kobold hits you but does no damage.
Sigmund hits you with a +4 scythe of holy wrath!
You die...

#.......## ##
#.........
##.##.......#
##...#.......
#...........
..........#
#.....##.####
#####..
#...†..###.......
#.#.##.K@@g......
#<##.###.#.#####.
#.###.#.##.# #.#
##.## .# #.# ###
.. #.# .@ #.# ##.
#.# . ..#


You could see Sigmund (invisible), a hobgoblin and a kobold.

Vanquished Creatures
  A gnoll (D:2)
  An adder (D:1)
  A dart slug (D:2)
  7 ball pythons
  5 bats
  2 endoplasms (D:1)
  4 giant cockroaches
  3 goblins (D:2)
  3 hobgoblins
  4 jackals (D:1)
  8 kobolds
  2 quokkas
  2 frilled lizards
  5 rats
48 creatures vanquished.

Vanquished Creatures (others)
  A plant (D:2)
1 creature vanquished.

Grand Total: 49 creatures vanquished

Notes
Turn   | Place    | Note
-------+----------+-------------------------------------------
     0 | D:1      | siradein the Djinni Cinder Acolyte began the quest for the
                  | Orb.
     0 | D:1      | Reached XP level 1. HP: 20/20 MP: 0/0
   360 | D:1      | Reached XP level 2. HP: 13/25 MP: 0/0
   827 | D:1      | Reached XP level 3. HP: 30/30 MP: 0/0
   827 | D:1      | Learned a level 1 spell: Sting
  1780 | D:2      | Reached XP level 4. HP: 16/35 MP: 0/0
  2627 | D:2      | Found a runed translucent door.
  2628 | D:2      | Noticed Crazy Yiuf
  2691 | D:2      | Found a faded altar of an unknown god.
  2835 | D:3      | Noticed Sigmund
  2852 | D:3      | Slain by Sigmund

Illustrated notes

Levels and vault maps discovered:
D:1:      saegor_arrival_under_anarchy, layout_basic
D:2:      layout_rooms, chequers_ecumenical_altar_lobes, nrook_mini_vaults,
          minmay_pentomino_w4, uniq_crazy_yiuf_cottage
D:3:      layout_loops_ring, yredelemnul_forgotten_temple_becter, uniq_sigmund,
          uniq_grinder

Skill      XL: |  1  2  3  4 |
---------------+-------------+-----
Long Blades    | 3 |  3.4
Spellcasting   | 3 |  3.0
Fighting       | |  3.7

Action                   |  1- 3 |  4- 6 || total
-------------------------+-------+-------++-------
Melee: Falchion          |   125 |    51 ||   176
       Punch             |     1 |     1 ||     2
       Short sword       |       |    14 ||    14
 Cast: Scorch            |     1 |     2 ||     3
Armor: Robe              |    53 |    28 ||    81
Dodge: Dodged            |   102 |    61 ||   163

Table legend: (Time is in decaauts)
 A = Elapsed time spent in this place.
 B = Non-inter-level travel time spent in this place.
 C = Inter-level travel time spent in this place.
 D = Time resting spent in this place.
 E = Time spent auto-exploring this place.
 F = Levels seen in this place.
 G = Mean time per level.
                   A        B        C        D        E       F      G
               +--------+--------+--------+--------+--------+-----+--------+
         Total |   2880 |   2788 |     92 |    426 |   1885 |   3 |  960.0 |
       Dungeon |   2880 |   2788 |     92 |    426 |   1885 |   3 |  960.0 |
               +--------+--------+--------+--------+--------+-----+--------+

Top non-repeatable levels by time:
     D:1: 1696 daAuts
     D:2: 1149 daAuts
     D:3: 33 daAuts
